 Dungeon Crawl Stone Soup version 0.25-a0-378-gd2ca0b7745 (webtiles) character file.

Game seed: 3368906585048731889, levelgen mode: deterministic

56 PentaManta the Chopper (level 3, -16/26 HPs)
             Began as an Octopode Fighter on Jan 7, 2020.
             Demolished by an ogre
             ... wielding a +0 giant club
              (31 damage)
             ... on level 2 of the Dungeon.
             The game lasted 00:02:47 (1388 turns).

PentaManta the Chopper (Octopode Fighter)           Turns: 1388, Time: 00:02:47

Health: -16/26     AC:  1    Str: 15    XL:     3   Next: 97%
Magic:  3/3        EV: 11    Int: 10    God:
Gold:   115        SH:  8    Dex: 12    Spells: 2/2 levels left

rFire    . . .     SeeInvis .   f - +0 dagger
rCold    . . .     Gourm    .   b - +0 shield
rNeg     . . .     Faith    .   (helmet restricted)
rPois    .         Spirit   .   (no amulet)
rElec    .         Reflect  .   (no ring)
rCorr    .         Harm     .   (no ring)
MR       .....                  (no ring)
Stlth    ++........             (no ring)
HPRegen  0.08/turn              (no ring)
MPRegen  0.08/turn              (no ring)
                                (no ring)
                                (no ring)

@: no status effects
A: almost no armour, stealthy swim, amphibious, 8 rings, constrict 8, camouflage
1, gelatinous body 1
a: no special abilities


You were on level 2 of the Dungeon.
You were very hungry.

You visited 1 branch of the dungeon, and saw 2 of its levels.

You collected 115 gold pieces.

Inventory:

Hand Weapons
 a - a +0 war axe
 f - a +0 dagger (weapon)
Missiles
 g - a poisoned dart (quivered)
Armour
 b - a +0 shield (worn)
Scrolls
 e - 3 scrolls of identify {unknown}
 h - a scroll of magic mapping {unknown}
 i - a scroll of enchant armour {unknown}
 j - 2 scrolls of remove curse {unknown}
 k - 2 scrolls of amnesia {unknown}
Potions
 c - a potion of might
 l - a potion of cancellation {unknown}
Comestibles
 d - 8 rations


   Skills:
 - Level 3.0 Fighting
 + Level 4.1 Axes
 - Level 3.0 Dodging
 - Level 3.0 Shields


You had 2 spell levels left.
You didn't know any spells.
Your spell library was empty.

Dungeon Overview and Level Annotations

Branches:
Dungeon (2/15)

Altars:


Innate Abilities, Weirdness & Mutations

You cannot wear most types of armour.
You are very stealthy in the water. (Stealth+)
You are amphibious.
You can wear up to eight rings at the same time.
You can use your tentacles to constrict eight enemies at once.
Your skin changes colour to match your surroundings (Stealth+).
Your rubbery body absorbs attacks. (AC +1, EV +1)


Message History

You throw a poisoned dart. The poisoned dart hits the ogre.
The ogre looks even sicker.
The ogre is heavily wounded.
The ogre completely misses you.
Throwing (i - inventory)
g - 3 poisoned darts (quivered)
Press: ? - help, Shift-Dir - straight line, f/p - ogre
Aim: an ogre, wielding a +0 giant club (heavily wounded, very poisoned)
You throw a poisoned dart. The poisoned dart hits the ogre.
The ogre looks even sicker.
The ogre is heavily wounded.
The ogre barely misses you.
Throwing (i - inventory)
g - 2 poisoned darts (quivered)
Press: ? - help, Shift-Dir - straight line, f/p - ogre
Aim: an ogre, wielding a +0 giant club (heavily wounded, very poisoned)
You throw a poisoned dart. The poisoned dart hits the ogre.
The ogre looks as sick as possible!
The ogre is heavily wounded.
The ogre hits you with a +0 giant club!!
Ouch! That really hurt!
You die...

##.#[...##.#####.#.#####
#..........####........
#........#..^.........#
##..........####.#.###.#
...#....##.####....# #
#####.#.##)###.....#
#.#.##.........#
#.#.######.....# #.#...#
##.@.## #.#.#.######O##
#.....K....#K#
#.#######..#(# #.#
#..#(# #K# .# #..#(# #.#
#.# #....#####
#.###.###..(......
#####.##...##....#####


You could see an ogre and a kobold.

Vanquished Creatures
  2 adders (D:2)
  A worm (D:2)
  A dart slug (D:1)
  A leopard gecko (D:1)
  2 ball pythons
  A giant cockroach (D:2)
  2 goblins
  5 hobgoblins
  3 kobolds
  A quokka (D:2)
  3 bats (D:1)
  7 frilled lizards (D:1)
  4 rats (D:1)
33 creatures vanquished.

Notes
Turn   | Place    | Note
-------+----------+-------------------------------------------
     0 | D:1      | PentaManta the Octopode Fighter began the quest for the
                  | Orb.
     0 | D:1      | Reached XP level 1. HP: 16/16 MP: 1/1
   102 | D:1      | Reached XP level 2. HP: 14/21 MP: 2/2
   313 | D:1      | Reached skill level 3 in Axes
   737 | D:2      | Reached XP level 3. HP: 26/26 MP: 3/3
   941 | D:2      | Reached skill level 4 in Axes
  1052 | D:2      | Noticed an ogre
  1388 | D:2      | Demolished by an ogre

Levels and vault maps discovered:
D:1:      eino_arrival_cavern_d, layout_loops_ring, minmay_lizard_pond
D:2:      layout_loops_ring, chequers_jeans

Skill      XL: |  1  2  3 |
---------------+----------+-----
Axes           | 3 4 |  4.1
Fighting       | |  3.0
Dodging        | |  3.0
Shields        | |  3.0

Action                   || total
-------------------------++-------
Melee: War axe           ||    11
       Constrict         ||    22
       Dagger            ||    69
       Tentacles         ||    14
Throw: Dart              ||    13
 Stab: Sleeping          ||     5
Armor: Skin              ||     4
Dodge: Dodged            ||    28
Block: Shield            ||    25

Table legend:
 A = Non-vault XP
 B = Vault XP
 C = Vault XP percentage of total XP
 D = Non-vault monster count
 E = Vault monster count
 F = Vault count percentage of total count
                 A         B        C        D         E       F
            +---------+---------+-------+---------+---------+-------
      Total |      77 |       4 |   4.9 |      29 |       4 |  12.1
            +---------+---------+-------+---------+---------+-------
        D:1 |      29 |       4 |  12.1 |      17 |       4 |  19.0
        D:2 |      48 |       0 |   0.0 |      12 |       0 |   0.0
            +---------+---------+-------+---------+---------+-------
